[Event "Titled Tuesday Blitz June 20 Early 2023"]
[White "Szente Varga, Fruzsina"]
[Black "Csonka, Balazs"]
[WhiteFideId "712264"]
[BlackFideId "742910"]
[WhiteElo "1994"]
[BlackElo "2404"]
[Result "1-0"]
[Round "3"]
[TimeControl "180+2"]
[Date "2023.06.20"]
[WhiteClock "0:00:14"]
[BlackClock "0:00:00"]
[Board "175"]

1. e4 d6 2. d4 Nf6 3. Nc3 g6 4. f3 Bg7 5. Be3 a6 6. Qd2 h5 7. O-O-O b5 8. h4 Bb7 9. Nh3 Nbd7 10. Kb1 e5 11. d5 Nc5 12. Qf2 Nfd7 13. Ng5 b4 14. Ne2 a5 15. Nc1 a4 16. Bb5 Kf8 17. g4 b3 18. cxb3 axb3 19. a3 Ra5 20. Bxd7 Qxd7 21. Bxc5 Rxc5 22. Nxb3 Rb5 23. Ka2 Ke7 24. gxh5 Rb8 25. Rd3 Ba6 26. Rc1 R5b7 27. Rdc3 gxh5 28. R1c2 Qa4 29. Rxc7+ Rxc7 30. Rxc7+ Kf8 31. Qc2 Kg8 32. Nxf7 Be2 33. Nxd6 Bxf3 34. Rxg7+ Kxg7 35. Qc7+ Kh6 36. Qxb8 Bxe4 37. Qh8+ Kg6 38. Qxe5 Bb1+ 39. Kxb1 Qxb3 40. Qe4+ Kg7 41. Nf5+ Kf7 42. Nd4 Qd1+ 43. Ka2 Qa4 44. Nc6 Qa6 45. Qf5+ Kg8 46. Qe6+ Kh8 47. Ne5 Qe2 48. Ng6+ 1-0


[Site "https://www.chess.com"]

[Event "Titled Tuesday Blitz June 20 Early 2023"]
[White "Guha, Eshan"]
[Black "Starozhilov, Leonid"]
[WhiteFideId "30958628"]
[BlackFideId "14106752"]
[WhiteElo "2379"]
[BlackElo "2352"]
[Result "0-1"]
[Round "3"]
[TimeControl "180+2"]
[Date "2023.06.20"]
[WhiteClock "0:00:00"]
[BlackClock "0:01:03"]
[Board "176"]

1. d4 Nf6 2. c4 g6 3. g3 Bg7 4. Bg2 O-O 5. Nc3 d6 6. Nf3 c6 7. O-O Bf5 8. Ng5 h6 9. e4 Bg4 10. f3 hxg5 11. fxg4 Nh7 12. Be3 Nd7 13. Qd2 c5 14. dxc5 Nxc5 15. Rac1 Rc8 16. b3 a6 17. Kh1 e6 18. Rfd1 Be5 19. Bd4 Qa5 20. Rb1 Qc7 21. Qe3 Rfd8 22. h4 Nd7 23. Ne2 Bxd4 24. Nxd4 Ne5 25. Bf3 Qe7 26. h5 Kg7 27. Kg2 Nf6 28. Qxg5 Ng8 29. Qe3 g5 30. Be2 Nh6 31. Rf1 Rc5 32. b4 Rc7 33. Rbc1 Rdc8 34. c5 dxc5 35. Nf3 Nhxg4 36. Qxg5+ Qxg5 37. Nxg5 Ne3+ 38. Kg1 Nxf1 39. Rxf1 cxb4 40. Nh3 Rc1 0-1


[Site "https://www.chess.com"]

[Event "Titled Tuesday Blitz June 20 Early 2023"]
[White "Marek, Matyas"]
[Black "Ziegler, Ari"]
[WhiteFideId "335398"]
[BlackFideId "1700987"]
[WhiteElo "2302"]
[BlackElo "2288"]
[Result "1-0"]
[Round "3"]
[TimeControl "180+2"]
[Date "2023.06.20"]
[WhiteClock "0:02:00"]
[BlackClock "0:01:01"]
[Board "177"]

1. Nf3 g6 2. g3 Bg7 3. Bg2 Nf6 4. O-O d6 5. d3 O-O 6. Nbd2 e5 7. e4 c6 8. Re1 Bg4 9. h3 Bxf3 10. Qxf3 Nbd7 11. Nc4 Qc7 12. a4 b6 13. b3 a6 14. Ba3 Ne8 15. Qd1 Rb8 16. h4 b5 17. axb5 axb5 18. Ne3 b4 19. Bb2 Nc5 20. Nc4 Ne6 21. Ra6 Nc5 22. Ra2 Nf6 23. Qa1 Rb7 24. Ra5 Nfd7 25. Qa2 Ne6 26. Ra1 Ndc5 27. Ra8 h5 28. Bh3 Bh6 29. Rxf8+ Bxf8 30. Qa8 Qb8 31. Qxb8 Rxb8 32. Ra7 Rd8 33. Na5 Rc8 34. Bc1 Nd4 35. Bxc8 1-0


[Site "https://www.chess.com"]

[Event "Titled Tuesday Blitz June 20 Early 2023"]
[White "Jaracz, Pawel"]
[Black "Daianu, Cristian-Clement"]
[WhiteFideId "1102222"]
[BlackFideId "1208926"]
[WhiteElo "2454"]
[BlackElo "2097"]
[Result "1-0"]
[Round "3"]
[TimeControl "180+2"]
[Date "2023.06.20"]
[WhiteClock "0:00:35"]
[BlackClock "0:00:24"]
[Board "178"]

1. d4 d5 2. c4 e6 3. Nf3 c6 4. e3 Bd6 5. Bd3 f5 6. O-O Nf6 7. b3 O-O 8. Ba3 Bxa3 9. Nxa3 Nbd7 10. b4 Qe7 11. Qb3 Ne4 12. Rac1 Kh8 13. Rfd1 g5 14. Ne5 Nxe5 15. dxe5 Bd7 16. Nc2 Be8 17. f3 Qg7 18. fxe4 fxe4 19. Be2 Qxe5 20. Rf1 Bg6 21. Nd4 Kg8 22. cxd5 exd5 23. b5 Rxf1+ 24. Bxf1 c5 25. Rxc5 Bf7 26. Qc3 Rf8 27. Rc7 Be8 28. Rxb7 Qf6 29. Qe1 h5 30. Rxa7 g4 31. b6 Qxb6 32. Ra6 Qb2 33. Ra7 Qb6 34. Ra3 Qb2 35. Ra8 Kh7 36. a4 Qb7 37. Rd8 Qe7 38. Rxd5 Bxa4 39. Rxh5+ 1-0


[Site "https://www.chess.com"]

[Event "Titled Tuesday Blitz June 20 Early 2023"]
[White "Haug, Havard"]
[Black "Sovetbekova, Nurai"]
[WhiteFideId "1547887"]
[BlackFideId "13801910"]
[WhiteElo "2396"]
[BlackElo "1857"]
[Result "1-0"]
[Round "3"]
[TimeControl "180+2"]
[Date "2023.06.20"]
[WhiteClock "0:00:22"]
[BlackClock "0:00:00"]
[Board "180"]

1. e4 c5 2. c3 Nf6 3. e5 Nd5 4. Nf3 Nc6 5. Bc4 Nb6 6. Bb3 d5 7. exd6 Qxd6 8. O-O c4 9. Bc2 Bg4 10. h3 Bh5 11. b3 e6 12. Na3 cxb3 13. axb3 Be7 14. Re1 O-O 15. d4 a6 16. Qe2 Rad8 17. Nc4 Nxc4 18. bxc4 Bf6 19. Rb1 Qc7 20. Ba3 Rfe8 21. Be4 Na5 22. c5 Nc6 23. Qb2 Rb8 24. Qb6 Qf4 25. Bxc6 bxc6 26. Qxc6 Rec8 27. Rxb8 Qxb8 28. Qxa6 Bxf3 29. gxf3 Rd8 30. Bb4 Qf4 31. Qe2 Qg5+ 32. Kh1 Qh4 33. Qf1 Bg5 34. Qg2 Bf4 35. Rg1 g6 36. Qg4 Qh6 37. c6 Rc8 38. d5 f5 39. Qg2 exd5 40. Rd1 Rxc6 41. Rxd5 Re6 42. c4 Ra6 43. Rd8+ Kf7 44. Rd1 Ra4 45. Rb1 Ra2 46. Bc5 Rc2 47. Qf1 Qh4 48. Bd4 Kg8 49. c5 Qh5 50. Qg2 Bc7 51. f4 1-0


[Site "https://www.chess.com"]

[Event "Titled Tuesday Blitz June 20 Early 2023"]
[White "Filgueira, Hernan"]
[Black "Skaric, Djuro"]
[WhiteFideId "101770"]
[BlackFideId "934569"]
[WhiteElo "2363"]
[BlackElo "2282"]
[Result "0-1"]
[Round "3"]
[TimeControl "180+2"]
[Date "2023.06.20"]
[WhiteClock "0:00:12"]
[BlackClock "0:00:40"]
[Board "181"]

1. c4 d6 2. Nc3 g6 3. Nf3 Bg7 4. g3 Nf6 5. Bg2 O-O 6. O-O Nc6 7. d3 h6 8. Rb1 e5 9. b4 Nd7 10. b5 Ne7 11. a4 f5 12. Nd5 Nc5 13. Nd2 g5 14. a5 Rb8 15. Ba3 b6 16. Qc2 Be6 17. Nc3 Kh8 18. Nb3 Ng6 19. axb6 axb6 20. Nxc5 dxc5 21. Nd5 g4 22. e3 Rf7 23. Bb2 Qg5 24. Rbe1 h5 25. d4 cxd4 26. exd4 e4 27. Nb4 h4 28. d5 Bd7 29. Bc1 Qh5 30. Nc6 Re8 31. Qd2 Ne5 32. Nxe5 Bxe5 33. Qg5 Qxg5 34. Bxg5 h3 35. Bh1 Kg7 36. Re2 Ra8 37. Rc2 Bd4 38. Be3 Bxe3 39. fxe3 Kg6 40. Rb1 Ra3 41. Kf2 Kf6 42. c5 bxc5 43. Rxc5 Ke5 44. b6 Ra2+ 45. Kg1 cxb6 46. Rxb6 Rd2 47. d6+ Ke6 48. Rb1 Rxd6 49. Rc3 Bc6 50. Rbc1 Kd7 51. Kf2 Rf8 52. R1c2 Ra8 53. Rb2 Ra1 54. Bg2 hxg2 55. Kxg2 Rad1 56. Rcc2 Ke6 57. Kf2 Ba4 58. Re2 R1d3 59. Rb4 Bd7 60. Rbb2 Rc6 61. Ra2 Rcc3 62. Ra6+ Ke5 63. Ra5+ Kd6 64. Ra6+ Bc6 65. Raa2 Bd5 66. h4 Bxa2 0-1


[Site "https://www.chess.com"]

[Event "Titled Tuesday Blitz June 20 Early 2023"]
[White "Buscar, Michael"]
[Black "Belov, Alexei"]
[WhiteFideId "2603616"]
[BlackFideId "4128206"]
[WhiteElo "2010"]
[BlackElo "2571"]
[Result "0-1"]
[Round "3"]
[TimeControl "180+2"]
[Date "2023.06.20"]
[WhiteClock "0:00:49"]
[BlackClock "0:01:06"]
[Board "182"]

1. d4 e6 2. c4 d5 3. Nc3 Be7 4. Nf3 Nf6 5. e3 O-O 6. Bd3 Nbd7 7. O-O dxc4 8. Bxc4 a6 9. Be2 b5 10. b3 Bb7 11. Bb2 c5 12. dxc5 Nxc5 13. Rc1 Qb6 14. Qc2 Rac8 15. Qb1 Nce4 16. Nxe4 Nxe4 17. Bd3 f5 18. Ne5 Rxc1 19. Rxc1 Rd8 20. Bd4 Qd6 21. Qc2 Bf6 22. Qc7 Bxe5 23. Qxb7 Bxd4 24. Bxe4 Bb2 0-1


[Site "https://www.chess.com"]

[Event "Titled Tuesday Blitz June 20 Early 2023"]
[White "Ambartsumova, Karina"]
[Black "Kuzmin, Ilya"]
[WhiteFideId "4166299"]
[BlackFideId "4153863"]
[WhiteElo "2240"]
[BlackElo "2093"]
[Result "1-0"]
[Round "3"]
[TimeControl "180+2"]
[Date "2023.06.20"]
[WhiteClock "0:00:27"]
[BlackClock "0:00:00"]
[Board "183"]

1. Nf3 d5 2. e3 Nf6 3. c4 c5 4. cxd5 Nxd5 5. Nc3 Nxc3 6. bxc3 Nc6 7. d4 g6 8. Bc4 Bg7 9. O-O O-O 10. Rb1 Qc7 11. Qe2 Na5 12. Bd3 Rd8 13. h3 b6 14. Ba3 Bb7 15. Rbc1 Bxf3 16. Qxf3 e5 17. d5 f5 18. e4 f4 19. c4 Nb7 20. Bb2 Nd6 21. Qg4 Qd7 22. Qxd7 Rxd7 23. g3 fxg3 24. fxg3 Bh6 25. Rce1 Rf8 26. Kg2 Re7 27. Rxf8+ Kxf8 28. Rf1+ Ke8 29. h4 Be3 30. Rf6 Kd7 31. Kf3 Bd2 32. Kg4 a6 33. h5 gxh5+ 34. Kxh5 b5 35. cxb5 axb5 36. Be2 Nxe4 37. Bxb5+ Kc7 38. Rc6+ Kb7 39. g4 Be3 40. Kh4 Rc7 41. Bxe5 Rxc6 42. Bxc6+ Kc8 43. d6 1-0


[Site "https://www.chess.com"]

[Event "Titled Tuesday Blitz June 20 Early 2023"]
[White "Xavier_mompel"]
[Black "Ismagilov, Damir"]
[BlackFideId "34199982"]
[WhiteElo "2228"]
[BlackElo "2104"]
[Result "0-1"]
[Round "3"]
[TimeControl "180+2"]
[Date "2023.06.20"]
[WhiteClock "0:00:00"]
[BlackClock "0:00:08"]
[Board "184"]

1. e4 g6 2. d4 Bg7 3. Nc3 d6 4. Be3 Nf6 5. f3 O-O 6. Qd2 e5 7. O-O-O exd4 8. Bxd4 Nc6 9. Be3 Be6 10. g4 Ne5 11. h4 h5 12. g5 Nfd7 13. Be2 a6 14. f4 Ng4 15. Bxg4 Bxg4 16. Re1 b5 17. Nge2 b4 18. Nd5 a5 19. Bd4 c5 20. Bxg7 Kxg7 21. Ng3 Re8 22. f5 Ne5 23. Qf4 Ra7 24. Nf6 Rf8 25. Nxg4 Nxg4 26. Rd1 Rd7 27. Rhf1 Re8 28. f6+ Kg8 29. Nxh5 gxh5 30. g6 Qxf6 31. Qxf6 Nxf6 32. Rxf6 Rxe4 33. gxf7+ Rxf7 34. Rfxd6 Rxh4 35. R6d5 Rc7 36. Rf5 a4 37. Rd6 c4 38. Rg5+ Kh7 39. Rf6 c3 40. bxc3 bxc3 41. Kd1 Re7 0-1


[Site "https://www.chess.com"]

[Event "Titled Tuesday Blitz June 20 Early 2023"]
[White "Ruge, Edison"]
[Black "Vyatkin, Dmitry"]
[WhiteFideId "4401000"]
[BlackFideId "4171900"]
[WhiteElo "2175"]
[BlackElo "2279"]
[Result "0-1"]
[Round "3"]
[TimeControl "180+2"]
[Date "2023.06.20"]
[WhiteClock "0:00:06"]
[BlackClock "0:00:24"]
[Board "185"]

1. e4 e6 2. d3 d5 3. Nd2 Nf6 4. Ngf3 g6 5. g3 Bg7 6. Bg2 c5 7. O-O Nc6 8. Re1 O-O 9. c3 a5 10. exd5 exd5 11. Nb3 b6 12. a4 Bf5 13. d4 c4 14. Nbd2 Qd7 15. Nf1 Ne4 16. Bf4 Rfe8 17. Ne3 Be6 18. Nxc4 Nxc3 19. bxc3 dxc4 20. Ne5 Nxe5 21. Bxe5 Bd5 22. Bxd5 Qxd5 23. Bxg7 Kxg7 24. Rb1 Rab8 25. Rxe8 Rxe8 26. Rxb6 Re4 27. Rb5 Qe6 28. Kg2 Re1 29. Qf3 Rc1 30. Re5 Qf6 31. Qe3 Rc2 32. h4 h5 33. Rxa5 Qb6 34. Qe5+ Kh7 35. Ra8 Qb7+ 36. d5 Qxa8 37. Kh3 Rd2 38. d6 Qh1# 0-1


[Site "https://www.chess.com"]

[Event "Titled Tuesday Blitz June 20 Early 2023"]
[White "Urbina Perez, Juan Antonio"]
[Black "le-castor-faineant"]
[WhiteFideId "2217368"]
[WhiteElo "2197"]
[BlackElo "2150"]
[Result "1-0"]
[Round "3"]
[TimeControl "180+2"]
[Date "2023.06.20"]
[WhiteClock "0:01:02"]
[BlackClock "0:00:03"]
[Board "186"]

1. Nf3 Nf6 2. e3 g6 3. b3 Bg7 4. Bb2 d6 5. Qc1 O-O 6. c4 c5 7. Nc3 Nc6 8. Bd3 Bg4 9. a3 Bxf3 10. gxf3 e6 11. h4 d5 12. Qc2 d4 13. Ne4 dxe3 14. fxe3 Nxe4 15. Bxe4 f5 16. Bxc6 bxc6 17. Bxg7 Kxg7 18. h5 Qf6 19. Ke2 f4 20. Qe4 g5 21. h6+ Kh8 22. Rag1 fxe3 23. Qxe3 Rg8 24. Rh5 g4 25. fxg4 Raf8 26. g5 Qd4 27. Rh2 Rf5 28. Qxd4+ cxd4 29. Rf2 Rfxg5 30. Rxg5 Rxg5 31. Rf8+ Rg8 32. Rf6 Rg6 33. Rf8+ Rg8 34. Rf7 Rg6 35. Rxa7 Rxh6 36. Rc7 e5 37. a4 e4 38. Re7 Rh2+ 39. Kd1 Rh3 40. Kc2 d3+ 41. Kc3 e3 42. dxe3 Rh2 43. Kxd3 Rb2 44. Kc3 h5 1-0


[Site "https://www.chess.com"]

[Event "Titled Tuesday Blitz June 20 Early 2023"]
[White "Cardenas Carbajal, Nilson"]
[Black "Mattheii"]
[WhiteFideId "8401128"]
[WhiteElo "1972"]
[BlackElo "2470"]
[Result "0-1"]
[Round "3"]
[TimeControl "180+2"]
[Date "2023.06.20"]
[WhiteClock "0:00:00"]
[BlackClock "0:00:09"]
[Board "187"]

1. e4 c5 2. d4 cxd4 3. c3 Nf6 4. e5 Nd5 5. Nf3 Nc6 6. cxd4 d6 7. Bc4 dxe5 8. dxe5 Be6 9. O-O g6 10. Qe2 Bg7 11. Rd1 Qa5 12. Bd2 Qc7 13. Bxd5 Bxd5 14. Nc3 Bxf3 15. Qxf3 Nxe5 16. Qg3 Qc4 17. Bh6 Bxh6 18. Qxe5 f6 19. Qe1 e5 20. Nd5 O-O 21. Rac1 Bxc1 22. Ne7+ Kf7 23. Rd7 Rfd8 24. Qd1 Rxd7 25. Qxd7 Qe6 0-1


[Site "https://www.chess.com"]

[Event "Titled Tuesday Blitz June 20 Early 2023"]
[White "Christiansen, Johan-Sebastian"]
[Black "Matyukov, Petr"]
[WhiteFideId "1512668"]
[BlackFideId "4103688"]
[WhiteElo "2531"]
[BlackElo "2278"]
[Result "1-0"]
[Round "3"]
[TimeControl "180+2"]
[Date "2023.06.20"]
[WhiteClock "0:01:25"]
[BlackClock "0:00:02"]
[Board "188"]

1. e4 c5 2. Nf3 Nc6 3. b4 Nxb4 4. c3 Nc6 5. d4 cxd4 6. cxd4 d5 7. exd5 Qxd5 8. Nc3 Qd8 9. d5 Nb8 10. Bf4 Bd7 11. Rb1 b6 12. Nb5 Bxb5 13. Bxb5+ Nd7 14. Ne5 Nf6 15. Bg5 Qc7 16. Bxf6 exf6 17. Nxd7 Bd6 18. Nxb6+ Ke7 19. Qe2+ Be5 20. Nxa8 Rxa8 21. O-O Kf8 22. Rbe1 Rd8 23. f4 Bd4+ 24. Kh1 Qc5 25. Qe8+ 1-0


[Site "https://www.chess.com"]

[Event "Titled Tuesday Blitz June 20 Early 2023"]
[White "Maluco_do_Natal_00"]
[Black "Oro, Faustino"]
[BlackFideId "20000197"]
[WhiteElo "2105"]
[BlackElo "1984"]
[Result "0-1"]
[Round "3"]
[TimeControl "180+2"]
[Date "2023.06.20"]
[WhiteClock "0:00:00"]
[BlackClock "0:00:38"]
[Board "189"]

1. e4 c5 2. Nf3 d6 3. d4 cxd4 4. Nxd4 Nf6 5. Nc3 a6 6. Be3 e5 7. Nb3 Be7 8. f3 Be6 9. Qd2 O-O 10. g4 Nbd7 11. O-O-O b5 12. g5 b4 13. Ne2 Ne8 14. Kb1 a5 15. Nbc1 a4 16. h4 Nc7 17. Bh3 Bc4 18. Bxd7 Qxd7 19. Qxb4 Be6 20. Qd2 Rfb8 21. f4 Qb5 22. c3 Qc6 23. f5 Qxe4+ 24. Qd3 Bxf5 25. Qxe4 Bxe4+ 26. Ka1 Bxh1 27. Rxh1 d5 28. Ng3 Ne6 29. Nf5 Bf8 30. Nd3 e4 31. Ne5 Rb7 32. a3 Nc5 33. Rg1 Nb3+ 34. Ka2 Bc5 35. Bxc5 Nxc5 36. h5 Rab8 37. Rg2 Nd3 38. g6 Nxe5 0-1


[Site "https://www.chess.com"]

[Event "Titled Tuesday Blitz June 20 Early 2023"]
[White "Ardila, Oscar Humberto"]
[Black "carokannlover213"]
[WhiteFideId "4404742"]
[WhiteElo "1912"]
[BlackElo "2733"]
[Result "1-0"]
[Round "3"]
[TimeControl "180+2"]
[Date "2023.06.20"]
[WhiteClock "0:00:46"]
[BlackClock "0:00:00"]
[Board "190"]

1. d4 e6 2. c4 Nf6 3. Nc3 d5 4. Bg5 dxc4 5. Qa4+ Nbd7 6. Qxc4 a6 7. e3 b5 8. Qb3 Bb7 9. Nf3 Be7 10. Be2 O-O 11. O-O c5 12. Rfd1 c4 13. Qc2 Nd5 14. Bxe7 Qxe7 15. a4 Bc6 16. e4 Nxc3 17. bxc3 Nf6 18. Nd2 e5 19. d5 Bd7 20. Nf1 Ne8 21. Ng3 Nd6 22. Qd2 g6 23. Qh6 f6 24. h4 Kh8 25. Rf1 bxa4 26. Qe3 f5 27. exf5 gxf5 28. Qc5 Rfe8 29. Rfb1 1-0


[Site "https://www.chess.com"]

[Event "Titled Tuesday Blitz June 20 Early 2023"]
[White "Danielyan, Vahe"]
[Black "Georg, Heinz"]
[WhiteFideId "13304828"]
[BlackFideId "4607295"]
[WhiteElo "2423"]
[BlackElo "2296"]
[Result "1-0"]
[Round "3"]
[TimeControl "180+2"]
[Date "2023.06.20"]
[WhiteClock "0:00:57"]
[BlackClock "0:00:00"]
[Board "191"]

1. d4 f5 2. g4 d5 3. g5 c5 4. c3 e6 5. Nf3 Nc6 6. Bg2 Be7 7. h4 b6 8. Nbd2 cxd4 9. cxd4 Bd7 10. Nb3 Qc7 11. Be3 Bb4+ 12. Bd2 Nge7 13. Rc1 Bxd2+ 14. Qxd2 O-O 15. Ne5 Rac8 16. O-O Qd6 17. f4 Rc7 18. Rc3 Rfc8 19. Rfc1 a5 20. e3 Be8 21. Bf1 Nxe5 22. fxe5 Qd8 23. Rxc7 Rxc7 24. Rxc7 Qxc7 25. Qc1 Qxc1 26. Nxc1 Nc8 27. a3 g6 28. Kf2 Na7 29. Ke1 Bb5 30. Bg2 Kf8 31. Kd2 Ke7 32. Na2 Bc4 33. Nc3 Kd7 34. Bf3 Kc6 35. h5 b5 36. h6 b4 37. axb4 axb4 38. Nd1 Nb5 39. Bh5 1-0


[Site "https://www.chess.com"]

[Event "Titled Tuesday Blitz June 20 Early 2023"]
[White "Theytookourjobs"]
[Black "Gritsenko, Nikolai"]
[BlackFideId "14112493"]
[WhiteElo "2296"]
[BlackElo "2389"]
[Result "1-0"]
[Round "3"]
[TimeControl "180+2"]
[Date "2023.06.20"]
[WhiteClock "0:00:17"]
[BlackClock "0:00:00"]
[Board "192"]

1. d4 d5 2. Bf4 c6 3. e3 Qb6 4. b3 Bf5 5. Bd3 Bxd3 6. Qxd3 e6 7. Nd2 Nf6 8. Ngf3 Nh5 9. Bg5 h6 10. Bh4 g5 11. Bg3 Nd7 12. c4 Nxg3 13. hxg3 Bg7 14. c5 Qa5 15. Qc2 Nxc5 16. b4 Qxb4 17. Rb1 Qa5 18. Qxc5 Qxc5 19. dxc5 O-O-O 20. Ke2 f5 21. Nb3 e5 22. Rhd1 Bf6 23. a4 h5 24. a5 a6 25. Ne1 h4 26. gxh4 Rxh4 27. Nf3 Rb4 28. Nbd2 Ra4 29. Ra1 Rxa1 30. Rxa1 e4 31. Nd4 Bxd4 32. exd4 Rh8 33. f3 Rh2 34. Kf2 Rh7 35. fxe4 dxe4 36. Rg1 Kd7 37. g4 Rh2+ 38. Rg2 e3+ 39. Kxe3 Rxg2 40. gxf5 Ke7 41. Ne4 g4 42. Nd6 Rb2 43. Kf4 Rb4 44. Kxg4 Rxd4+ 45. Kg5 Rd5 46. Kg6 1-0


[Site "https://www.chess.com"]

[Event "Titled Tuesday Blitz June 20 Early 2023"]
[White "Idani, Pouya"]
[Black "Modric, Nesa"]
[WhiteFideId "12510130"]
[BlackFideId "922579"]
[WhiteElo "2574"]
[BlackElo "2167"]
[Result "1-0"]
[Round "3"]
[TimeControl "180+2"]
[Date "2023.06.20"]
[WhiteClock "0:00:57"]
[BlackClock "0:00:06"]
[Board "193"]

1. e4 d5 2. exd5 Qxd5 3. Nc3 Qa5 4. d4 c6 5. Bc4 Bf5 6. Bd2 e6 7. Nf3 Nf6 8. Qe2 Bb4 9. a3 Nbd7 10. O-O Bxc3 11. Bxc3 Qc7 12. Ne5 O-O 13. h3 Nxe5 14. dxe5 Nd5 15. g4 Nxc3 16. bxc3 Bg6 17. f4 Qb6+ 18. Kh2 h6 19. f5 exf5 20. gxf5 Bh7 21. f6 g6 22. Rad1 Rad8 23. Rxd8 Qxd8 24. Qe3 g5 25. h4 Qb6 26. Qg3 Qc5 27. Bb3 Re8 28. e6 Rxe6 29. Bxe6 fxe6 30. f7+ Kf8 31. Qb8+ Kg7 32. f8=Q+ 1-0


[Site "https://www.chess.com"]

[Event "Titled Tuesday Blitz June 20 Early 2023"]
[White "Korchmar, Vasiliy"]
[Black "Sala, Giulia"]
[WhiteFideId "24131750"]
[BlackFideId "2840451"]
[WhiteElo "2370"]
[BlackElo "1769"]
[Result "1-0"]
[Round "3"]
[TimeControl "180+2"]
[Date "2023.06.20"]
[WhiteClock "0:01:17"]
[BlackClock "0:00:54"]
[Board "194"]

1. e4 c6 2. d4 d5 3. exd5 cxd5 4. Bd3 Nc6 5. c3 Qc7 6. h3 e5 7. dxe5 Nxe5 8. Bb5+ Bd7 9. Qxd5 Nf6 10. Bxd7+ Nexd7 11. Qg5 Bc5 12. Nf3 O-O-O 13. O-O Ne4 14. Qf4 Qxf4 15. Bxf4 Ndf6 16. Nbd2 Rhe8 17. Rad1 b6 18. Nxe4 Nxe4 19. Rxd8+ Rxd8 20. b4 Be7 21. Re1 f5 22. Nd4 Bf6 23. Nxf5 Nxc3 24. Nd6+ Kd7 25. Ne4 Nxe4 26. Rxe4 Kc6 27. a4 Bc3 28. b5+ Kd7 29. Rc4 Rc8 30. Rxc8 Kxc8 31. g4 Kd7 32. Kg2 Ke6 33. Bb8 Kd5 34. Bxa7 Bd4 35. a5 Kc5 36. Bxb6+ 1-0


[Site "https://www.chess.com"]

[Event "Titled Tuesday Blitz June 20 Early 2023"]
[White "Pastar, Slaven"]
[Black "Ziatdinov, Raset"]
[WhiteFideId "14402718"]
[BlackFideId "2015323"]
[WhiteElo "2219"]
[BlackElo "2220"]
[Result "1-0"]
[Round "3"]
[TimeControl "180+2"]
[Date "2023.06.20"]
[WhiteClock "0:00:19"]
[BlackClock "0:00:13"]
[Board "195"]

1. b3 e5 2. Bb2 Nc6 3. Nf3 e4 4. Nd4 Nf6 5. e3 Bc5 6. Nxc6 dxc6 7. d4 Bb4+ 8. c3 Bd6 9. c4 Ng4 10. Be2 Qh4 11. g3 Qh3 12. Bf1 Qh6 13. Nc3 Bf5 14. Bg2 O-O 15. Qc2 Nxe3 16. fxe3 Qxe3+ 17. Qe2 Qxd4 18. Nd5 Qc5 19. b4 Bxg3+ 20. hxg3 Qd6 21. Ne3 Qxb4+ 22. Qd2 Qxd2+ 23. Kxd2 Bg6 24. Ke2 f5 25. Rad1 b5 26. Rd7 Rac8 27. Rxg7+ 1-0


[Site "https://www.chess.com"]

[Event "Titled Tuesday Blitz June 20 Early 2023"]
[White "Calderin Gonzalez, Roberto"]
[Black "Adla, Diego"]
[WhiteFideId "5102979"]
[BlackFideId "100072"]
[WhiteElo "2280"]
[BlackElo "2377"]
[Result "0-1"]
[Round "3"]
[TimeControl "180+2"]
[Date "2023.06.20"]
[WhiteClock "0:00:39"]
[BlackClock "0:02:04"]
[Board "196"]

1. e4 e5 2. Nc3 Nf6 3. f4 d5 4. fxe5 Nxe4 5. Qf3 Nc6 6. Bb5 Nxc3 7. dxc3 Qh4+ 8. g3 Qe4+ 9. Qxe4 dxe4 10. Bf4 Bd7 11. O-O-O a6 12. Bc4 h6 13. e6 fxe6 14. Bxc7 Bc5 15. Ne2 b5 16. Bb3 Rc8 17. Bd6 Be3+ 18. Kb1 Na5 19. Nd4 Nc4 20. Rhe1 Bf2 21. Rxe4 Nxd6 22. Re2 Bxd4 23. Rxd4 Nc4 24. Rf2 Ke7 25. Rdf4 Rhf8 26. Bxc4 Rxf4 27. Rxf4 Rxc4 28. Rf1 Rc5 29. Kc1 Rf5 30. Rd1 Bc6 0-1


[Site "https://www.chess.com"]

[Event "Titled Tuesday Blitz June 20 Early 2023"]
[White "Rosh Jain"]
[Black "Dixit, Nikhil"]
[WhiteFideId "25789465"]
[BlackFideId "5059534"]
[WhiteElo "2233"]
[BlackElo "2207"]
[Result "0-1"]
[Round "3"]
[TimeControl "180+2"]
[Date "2023.06.20"]
[WhiteClock "0:00:08"]
[BlackClock "0:01:40"]
[Board "198"]

1. e4 c5 2. Nf3 Nc6 3. d4 cxd4 4. Nxd4 Nf6 5. Nc3 e5 6. Ndb5 d6 7. Bg5 a6 8. Na3 b5 9. Nd5 Be7 10. Bxf6 Bxf6 11. c3 Ne7 12. Nc2 Bb7 13. Nce3 Bg5 14. Nxe7 Bxe7 15. Bd3 O-O 16. O-O Bg5 17. Nf5 g6 18. Ng3 h5 19. Ne2 Qf6 20. a4 h4 21. h3 Qe7 22. Qc2 Bc6 23. Nc1 bxa4 24. Na2 a5 25. c4 Rfb8 26. Nc3 Rb4 27. Nxa4 Rab8 28. Rfb1 Qb7 29. f3 Be3+ 30. Kh1 Bxa4 31. Rxa4 Rxb2 32. Rxb2 Qxb2 33. Rxa5 Qxc2 34. Bxc2 Rb2 35. Bd1 Rb1 36. Rd5 Bd4 0-1


[Site "https://www.chess.com"]

[Event "Titled Tuesday Blitz June 20 Early 2023"]
[White "Mazarini41"]
[Black "Rodriguez Santiago, Jaime"]
[BlackFideId "3100898"]
[WhiteElo "2510"]
[BlackElo "2025"]
[Result "1-0"]
[Round "3"]
[TimeControl "180+2"]
[Date "2023.06.20"]
[WhiteClock "0:00:31"]
[BlackClock "0:00:18"]
[Board "199"]

1. g4 d5 2. Bg2 c6 3. c4 dxc4 4. g5 Bf5 5. Na3 e6 6. h4 Bxa3 7. bxa3 Ne7 8. Nf3 b5 9. Bb2 O-O 10. h5 Be4 11. h6 g6 12. Rh4 Bxf3 13. Bxf3 Nf5 14. Rg4 Nd7 15. Qc2 Rc8 16. Qc3 e5 17. O-O-O f6 18. gxf6 Qxf6 19. Rdg1 Nxh6 20. Rg5 Nf5 21. Be4 Ne7 22. Qh3 Nc5 23. Bxe5 Qe6 24. Qh6 Rf7 25. Bxg6 Nxg6 26. Rxg6+ 1-0


[Site "https://www.chess.com"]

[Event "Titled Tuesday Blitz June 20 Early 2023"]
[White "Goltseva, Ekaterina"]
[Black "agvania123"]
[WhiteFideId "24173770"]
[WhiteElo "2114"]
[BlackElo "2254"]
[Result "1-0"]
[Round "3"]
[TimeControl "180+2"]
[Date "2023.06.20"]
[WhiteClock "0:01:10"]
[BlackClock "0:00:00"]
[Board "200"]

1. e4 d5 2. exd5 Qxd5 3. Nc3 Qd8 4. d4 Nf6 5. Nf3 Bg4 6. Bf4 e6 7. Be2 c6 8. Qd2 Bd6 9. Bg5 Nbd7 10. O-O-O O-O 11. h3 Bxf3 12. Bxf3 Qa5 13. Kb1 Nd5 14. Ne4 Qxd2 15. Bxd2 Be7 16. c4 N5f6 17. Nc3 Rfd8 18. Rhe1 Nb6 19. b3 Rxd4 20. Be3 Rxd1+ 21. Rxd1 Rd8 22. Kc2 Kf8 23. a4 Ke8 24. a5 Nc8 25. Na4 a6 26. Nc5 Rxd1 27. Kxd1 Bxc5 28. Bxc5 Nd7 29. Bd4 f6 30. Kc2 e5 31. Be3 Nd6 32. Kc3 Ke7 33. b4 h6 34. Kb3 f5 35. g4 f4 36. Bd2 e4 37. Bg2 g5 38. c5 Nb5 39. Bxe4 Nf6 40. Bd3 Nd5 41. Kc4 Ke6 42. Bf5+ Ke5 43. Bc8 Ke4 44. Bxb7 Nd4 45. Bxa6 Nf3 46. Bc3 Nxc3 47. Kxc3 Nd4 48. Bc4 Nf3 49. a6 1-0


[Site "https://www.chess.com"]

[Event "Titled Tuesday Blitz June 20 Early 2023"]
[White "Peiris, T G M"]
[Black "Czerw, Dawid"]
[WhiteFideId "9901310"]
[BlackFideId "1145746"]
[WhiteElo "2022"]
[BlackElo "2144"]
[Result "0-1"]
[Round "3"]
[TimeControl "180+2"]
[Date "2023.06.20"]
[WhiteClock "0:00:00"]
[BlackClock "0:02:55"]
[Board "201"]

1. e4 c5 2. c3 d5 3. exd5 Qxd5 4. d4 Nf6 5. Nf3 e6 6. Be2 Be7 7. O-O O-O 8. Be3 cxd4 9. cxd4 Nc6 10. Nc3 Qd6 11. a3 b6 12. Qb3 Bb7 13. Rfd1 Rac8 14. Rac1 Na5 15. Qa2 Ng4 16. d5 Nxe3 17. fxe3 exd5 18. b4 Nc4 19. e4 Ne3 20. Rd3 Qg6 21. Rxe3 d4 22. Nxd4 Bg5 23. Rg3 Bxc1 24. Rxg6 Be3+ 25. Kh1 hxg6 26. Ndb5 a6 27. Nd1 axb5 28. Nxe3 Rfe8 29. Bd3 Bxe4 30. Bxe4 Rc1+ 0-1


[Site "https://www.chess.com"]